 Dungeon Crawl Stone Soup version 0.27.1-15-g792fb953b9 (webtiles) character file.

Game seed: 11146464777687180163

1096 safid the Cleaver (level 8, -5/66 HPs)
             Began as a Hill Orc Fighter on Nov 19, 2021.
             Was a Follower of Beogh.
             Slain by a gnoll (8 damage)
             ... on level 5 of the Dungeon.
             The game lasted 00:11:15 (5351 turns).

safid the Cleaver (Hill Orc Fighter)                Turns: 5351, Time: 00:11:16

Health: -5/66      AC:  9    Str: 21    XL:     8   Next: 31%
Magic:  8/8        EV:  8    Int:  8    God:    Beogh [*.....]
Gold:   225        SH: 11    Dex: 16    Spells: 7/7 levels left

rFire    . . .     SeeInvis .   a - +0 war axe
rCold    . . .     Faith    .   c - +0 kite shield
rNeg     . . .     Spirit   .   b - +0 scale mail
rPois    .         Reflect  .   (no helmet)
rElec    .         Harm     .   (no cloak)
rCorr    .         Rampage  .   l - +1 pair of gloves
Will     .....                  (no boots)
Stlth    ..........             (no amulet)
HPRegen  0.21/turn              g - +6 ring of dexterity
MPRegen  0.11/turn              (no ring)

@: lit by a corona, glowing
A: no striking features
a: Renounce Religion


You were on level 5 of the Dungeon.
You worshipped Beogh.
Beogh was aware of your devotion.
You visited 1 branch of the dungeon, and saw 5 of its levels.

You collected 225 gold pieces.

Inventory:

Hand Weapons
 a - a +0 war axe (weapon)
Armour
 b - a +0 scale mail (worn)
 c - a +0 kite shield (worn)
 l - a +1 pair of gloves (worn)
Jewellery
 g - a +6 ring of dexterity (left hand)
Wands
 d - a wand of mindburst (10)
 j - a wand of digging (6)
 o - a wand of acid (7)
Scrolls
 e - 2 scrolls of enchant armour {unknown}
 f - a scroll of fog {unknown}
 h - a scroll of holy word {unknown}
 k - 2 scrolls of noise {unknown}
 n - a scroll of fear {unknown}
Potions
 i - a potion of curing {unknown}
 m - a potion of lignification {unknown}


   Skills:
 + Level 3.8 Fighting
 + Level 9.0 Axes
 + Level 3.5 Armour
 + Level 7.9 Shields
 + Level 1.1 Invocations


You had 7 spell levels left.
You didn't know any spells.
Your spell library contained the following spells:

 Spells                   Type           Power      Damage    Failure   Level
 Call Canine Familiar     Summ           0%         N/A       100%        3
 Portal Projectile        Hex/Tloc       0%         N/A       100%        3
 Leda's Liquefaction      Hex/Erth       0%         N/A       100%        4
 Fireball                 Conj/Fire      0%         3d3       100%        5
 Iskenderun's Battlesphe  Conj           0%         2d6       100%        5
 Conjure Ball Lightning   Conj/Air       0%         3x3d6     100%        6
 Orb of Destruction       Conj           0%         N/A       100%        7


Dungeon Overview and Level Annotations

Branches:
Dungeon (5/15)
 Temple: D:4-7

Altars:

Shops:
D:1 =


Message History

The gnoll shaman hits you but does no damage.
Your scale mail prevents you from hitting the gnoll shaman.
The gnoll shaman is severely wounded.
You block the gnoll's attack.
The gnoll shaman hits you but does no damage.
The gnoll hits you from afar with a +0 halberd!
* * * LOW HITPOINT WARNING * * *
Unknown command.
You closely miss the gnoll shaman.
The gnoll shaman is severely wounded.
The gnoll shaman utters an invocation to its god.
The gnoll shaman is healed somewhat.
The gnoll shaman hits you with a +0 whip.
* * * LOW HITPOINT WARNING * * *
Unknown command.
Okay, then.
Unknown command.
Aiming: Corrosive Bolt
Press: ? - help, Shift-Dir - straight line, f - gnoll shaman
Aim: a gnoll shaman, wielding a +0 whip and wearing a +0 robe (heavily wounded, 75% to hit)
The bolt of acid hits the gnoll shaman.
The gnoll shaman is splashed with acid.
The acid corrodes the gnoll shaman!
The gnoll shaman is almost dead.
You block the gnoll's attack.
The gnoll shaman mumbles some strange prayers to its god.
The gnoll shaman is healed somewhat.
You barely miss the gnoll shaman.
The gnoll shaman is severely wounded.
You block the gnoll's attack. You block the gnoll shaman's attack.
Unknown command.
You barely miss the gnoll shaman.
The gnoll shaman is severely wounded.
You block the gnoll's attack. x2; You block the gnoll shaman's attack.
You hit the gnoll shaman but do no damage.
The gnoll shaman is severely wounded.
You block the gnoll's attack.
The gnoll shaman utters an invocation to its god.
The gnoll shaman is healed somewhat.
The gnoll hits you from afar with a +0 halberd!
You die...

#.##..# #.# #.##..#
#.# ### #.##..###.##
#.. # #.##[.##...###..
##.####........#......
#...g............####.
#....)g.##....#.### #.
###g..##.#.#...# #.
#.@...)..#.###.# #.
#.#...##.#.# #.# #.
#.##.###.#.# #.# #. ..
#.# #.#.# #.# #. #..
#.# #.#.. #.# #. #..
... ..... ..# ... ...
... ### #.. ##


You could see a gnoll shaman (corroded) and a gnoll (fast).

Vanquished Creatures
  Grinder (D:4)
  Sigmund (D:2)
  Menkaure (D:5)
  An ogre (D:5)
  A centaur (D:4)
  A phantom (D:3)
  2 jellies (D:4)
  An orc priest (D:3)
  A hound (D:5)
  Jessica (D:3)
  A gnoll shaman (D:4)
  An orc wizard (D:4)
  7 gnolls
  3 adders
  An ufetubus (D:5)
  A worm (D:2)
  A dart slug (D:1)
  7 orcs
  6 bats
  2 endoplasms (D:3)
  4 giant cockroaches
  6 goblins
  4 hobgoblins
  11 jackals
  8 kobolds
  2 quokkas
  4 ball pythons
  4 frilled lizards
  9 rats
93 creatures vanquished.

Vanquished Creatures (others)
  An orc priest (D:3)
  A hobgoblin (D:3)
  A ball python (D:3)
3 creatures vanquished.

Grand Total: 96 creatures vanquished

Notes
Turn   | Place    | Note
-------+----------+-------------------------------------------
     0 | D:1      | safid the Hill Orc Fighter began the quest for the Orb.
     0 | D:1      | Reached XP level 1. HP: 19/19 MP: 1/1
     6 | D:1      | Found Pemaus's Jewellery Shop.
    20 | D:1      | Reached skill level 3 in Axes
   212 | D:1      | Reached XP level 2. HP: 22/26 MP: 2/2
   792 | D:1      | Found a faded altar of an unknown god.
   988 | D:1      | Reached XP level 3. HP: 31/31 MP: 3/3
  1499 | D:2      | Reached skill level 4 in Axes
  1829 | D:2      | Noticed Sigmund
  1840 | D:2      | Killed Sigmund
  1841 | D:2      | Reached skill level 5 in Axes
  1841 | D:2      | Reached skill level 5 in Shields
  1841 | D:2      | Reached XP level 4. HP: 33/39 MP: 4/4
  1841 | D:2      | Reached XP level 5. HP: 38/45 MP: 5/5
  2497 | D:3      | Noticed Jessica
  2508 | D:3      | Killed Jessica
  2509 | D:3      | Reached skill level 6 in Axes
  2509 | D:3      | Reached XP level 6. HP: 51/51 MP: 6/6
  2547 | D:3      | Became a worshipper of Beogh the Brigand
  3999 | D:4      | Noticed Grinder
  4003 | D:4      | Paralysed by Grinder for 2 turns
  4022 | D:4      | Killed Grinder
  4023 | D:4      | Reached skill level 7 in Axes
  4023 | D:4      | Reached XP level 7. HP: 36/57 MP: 7/7
  4676 | D:4      | Reached * piety under Beogh
  4677 | D:4      | Reached skill level 8 in Axes
  5083 | D:5      | Entered Level 5 of the Dungeon
  5161 | D:5      | Noticed Menkaure
  5169 | D:5      | Killed Menkaure
  5170 | D:5      | Reached XP level 8. HP: 44/64 MP: 8/8
  5329 | D:5      | Reached skill level 9 in Axes
  5334 | D:5      | Reached skill level 1 in Invocations
  5347 | D:5      | HP: 2/66 [gnoll shaman (3)]
  5351 | D:5      | Slain by a gnoll

Illustrated notes

Levels and vault maps discovered:
D:1:      giann_horns, layout_rooms, hellmonk_ecumenical_altar_heavens_door,
          serial_shops, shop, serial_co_window_serial, co_window_paths_a,
          co_window_paths_a, co_window_paths_a, co_window_of_opportunity_a,
          co_window_corner_a, co_window_corner_b, co_window_corner_b,
          co_window_corner_b, co_window_broadway_c, co_window_broadway_c,
          co_window_paths_c, co_window_unsneaky_path_c, co_window_paths_d,
          glass_columns_c, glass_columns_c, minmay_split_cup_small
D:2:      layout_rooms, serial_glass, glass_columns_a, glass_columns_a,
          minmay_strange_pillars, item_on_display_a, feat_on_display,
          minmay_strange_pillars, uniq_sigmund
D:3:      layout_loops_corners, uniq_jessica
D:4:      layout_basic, uniq_grinder
D:5:      layout_loops_ring, uniq_menkaure

Skill      XL: |  1  2  3  4  5  6  7  8 |
---------------+-------------------------+-----
Axes           | 3 5 6 7 8 9 |  9.0
Shields        | 5 6 7 |  7.9
Invocations    | 1 |  1.1
Fighting       | |  3.8
Armour         | |  3.5

Action                   |  1- 3 |  4- 6 |  7- 9 || total
-------------------------+-------+-------+-------++-------
Melee: War axe           |    92 |   115 |    90 ||   297
Invok: Convert to Beogh  |       |     1 |       ||     1
Evoke: Wand              |       |       |     2 ||     2
  Use: Potion            |     1 |       |       ||     1
Armor: Scale mail        |    56 |    52 |    33 ||   141
Dodge: Dodged            |    49 |    35 |    28 ||   112
Block: Kite shield       |    66 |    72 |    73 ||   211
